 Dungeon Crawl Stone Soup version 0.19-a0-559-ga3d69d0 (webtiles) character file.

1 namelastname112 the Magician (level 1, 0/7 HPs)
             Began as a Felid Wanderer on June 8, 2016.
             Hit by a stone thrown by a kobold (2 damage)
             ... on level 1 of the Dungeon.
             The game lasted 00:00:46 (86 turns).

namelastname112 the Magician (Felid Wanderer)         Turns: 86, Time: 00:00:48

Health: 0/7        AC:  1    Str:  8    XL:     1   Next: 16%
Magic:  6/6        EV: 15    Int: 12    God:
Gold:   0          SH:  0    Dex: 16    Spells: 0 memorised, 8 levels left
                                        Lives:  0   Deaths: 0

rFire  . . .     SeeInvis +     (weapon unavailable)
rCold  . . .     Gourm    .     (armour unavailable)
rNeg   . . .     Faith    .     (shield unavailable)
rPois  .         Spirit   .     (helmet unavailable)
rElec  .         Dismiss  .     (cloak unavailable)
rCorr  .         Reflect  .     (gloves unavailable)
SustAt .         Harm     .     (boots unavailable)
MR     .....                    (no amulet)
Stlth  +++.......               (no ring)
                                (no ring)

@: quick, not resistant to hostile enchantments, fairly stealthy
A: no armour, no weapons or thrown items, claws 1, fangs 3, see invisible,
carnivore 3, speed 1, shaggy fur 1, slow metabolism 1, sharp paws
a: no special abilities


You were on level 1 of the Dungeon.
You were not hungry.

You visited 1 branch of the dungeon, and saw 1 of its levels.

Inventory:

Scrolls
 f - a scroll of random uselessness {unknown}
Potions
 e - a potion of degeneration {unknown}
 g - a potion of heal wounds {unknown}
Books
 a - a book of Minor Magic

   Spells                             Type                      Level
   a - Magic Dart                     Conjuration                  1
   b - Blink                          Translocation                2
   c - Call Imp                       Summoning                    2
   d - Repel Missiles                 Charms/Air                   2
   e - Slow                           Hexes                        2
   f - Conjure Flame                  Conjuration/Fire             3
   g - Mephitic Cloud                 Conjuration/Poison/Air       3
 b - the Disquisition on the Rocks

   Spells                             Type                      Level
   a - Sandblast                      Earth                        1
   b - Stone Arrow                    Conjuration/Earth            3
 c - the Handbook of Summoning

   Spells                             Type                      Level
   a - Summon Small Mammal            Summoning                    1
   b - Recall                         Summoning/Translocation      3
Comestibles
 d - a meat ration


   Skills:
 + Level 0.0 Fighting
 + Level 0.3 Dodging
 + Level 2.6 Stealth
 * Level 0.2 Unarmed Combat
 + Level 4.0 Spellcasting
   Level 1.5 Hexes
   Level 3.0 Summonings


You had 8 spell levels left.
You didn't know any spells.

Dungeon Overview and Level Annotations

Branches:
Dungeon (1/15)

Altars:


Innate Abilities, Weirdness & Mutations

You cannot wear armour.
You are incapable of wielding weapons or throwing items.
You have sharp claws.
You have razor-sharp teeth.
You have supernaturally acute eyesight. (SInv)
You are carnivorous and can eat meat at any time.
You cover ground quickly.
You are covered in fur. (AC +1)
You have a slow metabolism.
Your sharp claws are effective at attacking unaware monsters.


Message History

You scratch the jackal.
The jackal is heavily wounded.
The rat moves out of view.
The jackal misses you.
You scratch the jackal but do no damage.
The jackal is heavily wounded.
The jackal barely misses you. x2
You miss the jackal.
The jackal is heavily wounded.
You scratch the jackal but do no damage.
You bite the jackal, but do no damage. The jackal misses you.
You barely miss the jackal.
The jackal bites you but does no damage.
You barely miss the jackal. The jackal closely misses you.
The jackal bites you.
* * * LOW HITPOINT WARNING * * *
You take 2 damage, and have 2/7 hp.
MASSIVE DAMAGE!!
A kobold comes into view. It is wielding a club.
The kobold shouts!
The kobold throws a stone.
The stone hits you.
You die...

# ###....... # ...........
... ............ #.#
........... #..
#K..........# #.. .
#......... ..##..
....#######.......## #.##..
....rhhh.h@........###....(
....########.....#.........
. #.......#...(....
#.......#......##
#.......#........
##.....##......##
##...###......# #####
#......# ########


You could see 4 jackals, a kobold and a rat.

Vanquished Creatures
  A giant cockroach (D:1)
1 creature vanquished.

Notes
Turn   | Place    | Note
--------------------------------------------------------------
     0 | D:1      | namelastname112 the Felid Wanderer began the quest for the Orb.
     0 | D:1      | namelastname112 set off with: a book of Minor Magic, the Disquisition on the Rocks, the Handbook of Summoning, a meat ration
     0 | D:1      | Reached XP level 1. HP: 7/7 MP: 6/6
     0 | D:1      | namelastname112: найс
     0 | D:1      | namelastname112: лол
     0 | D:1      | Identified the Disquisition on the Rocks
     0 | D:1      | Identified the Handbook of Summoning
    14 | D:1      | crauler: книжек то
    86 | D:1      | Hit by a stone thrown by a kobold

Vault maps used:
D:1:      lightli_arrival_statuegarden, minmay_misc_feat_secret_circle,
          corner_web_ring, corexii_corridor_pit, hex_tiny,
          roderic_digamma_sauvastika

Action                   || total
-------------------------++-------
Melee: Unarmed           ||    18
       Bite              ||     1
  Eat: Chunk             ||     1
Armor: Skin              ||     2
Dodge: Dodged            ||    19
